 Dungeon Crawl Stone Soup version 0.29-a0-824-gd827844252 (webtiles) character file.

Game seed: 13449570396513224499

14 coolguy69 the Cutter (level 2, -1/16 HPs)
             Began as a Vine Stalker Monk on July 10, 2022.
             Slain by a giant cockroach (2 damage)
             ... on level 1 of the Dungeon.
             The game lasted 00:00:24 (506 turns).

coolguy69 the Cutter (Vine Stalker Monk)             Turns: 506, Time: 00:00:25

Health: -1/16      AC:  2    Str: 13    XL:     2   Next: 45%
Magic:  0/3        EV: 13    Int: 10    God:
Gold:   9          SH:  0    Dex: 16    Spells: 1/1 levels left

rFire   . . .      SeeInvis .   a - +0 short sword
rCold   . . .      Faith    .   (no shield)
rNeg    . . .      Spirit   +   b - +0 robe
rPois   .          Reflect  .   (no helmet)
rElec   .          Harm     .   (no cloak)
rCorr   .          Rampage  .   (no gloves)
Will    .....                   (no boots)
Stlth   ++........              (no amulet)
HPRegen 0.05/turn               (no ring)
MPRegen 0.08/turn               (no ring)

@: no status effects
A: fangs 2, magic shield, antimagic bite, no potion heal 2
a: no special abilities


You were on level 1 of the Dungeon.
You visited 1 branch of the dungeon, and saw 1 of its levels.

You collected 9 gold pieces.

Inventory:

Hand Weapons
 a - a +0 short sword (weapon)
Armour
 b - a +0 robe (worn)
Jewellery
 d - a ring of ice
Scrolls
 e - a scroll of silence {unknown}
Potions
 c - a potion of ambrosia
 f - a potion of invisibility {unknown}


   Skills:
 + Level 2.9 Fighting
 + Level 2.9 Short Blades
 + Level 2.6 Dodging
 + Level 2.7 Stealth


You had one spell level left.
You didn't know any spells.
Your spell library was empty.

Dungeon Overview and Level Annotations

Branches:
Dungeon (1/15)

Altars:


Innate Abilities, Weirdness & Mutations

You have extremely sharp teeth.
When hurt, damage is shared between your health and your magic reserves.
Your bite disrupts and absorbs the magic of your enemies.
Potions cannot restore your health.


Message History

You are too injured to fight recklessly!
You are too injured to fight recklessly!
You are too injured to fight recklessly!
You are too injured to fight recklessly!
You are too injured to fight recklessly!
You are too injured to fight recklessly!
You are too injured to fight recklessly!
You are too injured to fight recklessly!
The goblin completely misses you. The giant cockroach closely misses you.
The kobold attacks as you move away! The kobold hits you but does no damage.
The giant cockroach attacks as you move away!
The giant cockroach barely misses you.
The rat twitches its whiskers.
The giant cockroach bites you.
* * * LOW HITPOINT WARNING * * *
The goblin attacks as you move away! The goblin closely misses you.
The kobold attacks as you move away! The kobold barely misses you.
The goblin attacks as you move away! The goblin hits you with a +0 club.
* * * LOW HITPOINT WARNING * * *
The kobold attacks as you move away! The kobold misses you.
You closely miss the goblin. You bite the goblin. You drain its power.
You feel invigorated.
The goblin is heavily wounded.
The goblin barely misses you. The kobold barely misses you.
You closely miss the goblin. Your bite misses the goblin.
The goblin is heavily wounded.
The goblin hits you with a +0 club.
* * * LOW HITPOINT WARNING * * *
The kobold misses you. The kobold attacks as you move away!
The kobold hits you with a +0 dagger. The giant cockroach barely misses you.
The goblin attacks as you move away! The goblin hits you but does no damage.
The giant cockroach attacks as you move away!
The giant cockroach closely misses you.
You hit the goblin but do no damage. You punch the goblin.
You kill the goblin!
The giant cockroach closely misses you.
The giant cockroach attacks as you move away!
The giant cockroach bites you.
You die...

#.....# #...#
#.#♣♣ #.....#
#.### #.# ♣ #.#
#.# #.# ♣ #.#
#.# ..#♣♣
###.###.# #.#♣8
##.......#
#.#♣♣
#.....#### ♣
#.B#....# ♣
#@K...#.#### ♣♣
#....#.r......#
♣8
#.####...#†##.#
♣♣ # ##.....#.#
♣
.[#####.......#
#...........###
............+
.......)....#
..............#


You could see a giant cockroach, a kobold and a rat.

Vanquished Creatures
  An endoplasm (D:1)
  3 goblins (D:1)
  A hobgoblin (D:1)
  2 jackals (D:1)
  2 ball pythons (D:1)
  2 frilled lizards (D:1)
  2 kobolds (D:1)
13 creatures vanquished.

Notes
Turn   | Place    | Note
-------+----------+-------------------------------------------
     0 | D:1      | coolguy69 the Vine Stalker Monk began the quest for the
                  | Orb.
     0 | D:1      | Reached XP level 1. HP: 11/11 MP: 2/2
   176 | D:1      | Reached XP level 2. HP: 16/16 MP: 3/3
   506 | D:1      | Slain by a giant cockroach

Illustrated notes

Levels and vault maps discovered:
D:1:      psy_arrival_wood_between_worlds, layout_basic, serial_park_tiny_pond

Action                   || total
-------------------------++-------
Melee: Short sword       ||    31
       Bite              ||     8
       Punch             ||     1
 Stab: Sleeping          ||     2
Armor: Robe              ||     9
Dodge: Dodged            ||    34

Table legend: (Time is in decaauts)
 A = Elapsed time spent in this place.
 B = Non-inter-level travel time spent in this place.
 C = Inter-level travel time spent in this place.
 D = Time resting spent in this place.
 E = Time spent auto-exploring this place.
 F = Levels seen in this place.
 G = Mean time per level.
                   A        B        C        D        E       F      G
               +--------+--------+--------+--------+--------+-----+--------+
         Total |    504 |    504 |      0 |      0 |    431 |   1 |  504.0 |
       Dungeon |    504 |    504 |      0 |      0 |    431 |   1 |  504.0 |
               +--------+--------+--------+--------+--------+-----+--------+

Top non-repeatable levels by time:
     D:1: 504 daAuts
